 Dungeon Sprint DCSS version 0.29.1-2-gbd0b4ee654 (webtiles) character file.

Game seed: 14665056312241761237

9898 Groucho the Imperceptible (level 11, -9/62 HPs)
             Began as a Felid Fighter on Oct 30, 2022.
             Was the Champion of Uskayaw.
             Killed from afar by an eleionoma (30 damage)
             ... with a spray of wooden splinters
             ... in the Dungeon (Sprint IX: "|||||||||||||||||||||||||||||").
             The game lasted 00:09:03 (4919 turns).

Groucho the Imperceptible (Felid Fighter)           Turns: 4919, Time: 00:09:04

Health: -9/62      AC:  3    Str: 20    XL:     11   Next: 29%
Magic:  22/23      EV: 46    Int: 10    God:    Uskayaw [******]
Gold:   327        SH:  0    Dex: 16    Spells: 10/10 levels left
                                        Lives:  0   Deaths: 2

rFire   . . .      SeeInvis +     - Unarmed
rCold   + . .      Faith    .   (shield unavailable)
rNeg    + . .      Spirit   .   (body armour unavailable)
rPois   +          Reflect  .   (helmet unavailable)
rElec   .          Harm     .   (cloak unavailable)
rCorr   .          Rampage  .   (gloves unavailable)
Will    +....      NoTele   +   (boots unavailable)
Stlth   ++++++++..              t - amulet of the acrobat
HPRegen 0.20/turn               s - ring of Puedwemu {rN+ Str+4}
MPRegen 0.18/turn               u - ring of poison resistance

@: acrobatic, quick
A: very small, claws 1, fangs 3, see invisible, speed 1, shaggy fur 3, stealthy
paws, no weapons or thrown items, no armour, multi-lived
a: Renounce Religion, Stomp, Line Pass, Grand Finale


You were in the Dungeon.
You worshipped Uskayaw.
Uskayaw was pleased with you.
You visited 1 branch You collected 1915 gold pieces.
You spent 1588 gold pieces at shops.

Inventory:

Jewellery
 j - a +2 ring of protection
 k - a +2 ring of evasion
 s - the ring of Puedwemu (left paw) {rN+ Str+4}
   (You bought it in a shop in the Dungeon)

   [ring of positive energy]

   Str:       It affects your strength (+4).
   rN:        It protects you from negative energy.
 t - an amulet of the acrobat (around neck)
 u - a ring of poison resistance (right paw)
 v - a ring of fire
Wands
 i - a wand of light (10)
 n - a wand of charming (8)
Scrolls
 c - a scroll of identify
 d - a scroll of summoning
 g - 6 scrolls of blinking
 h - 2 scrolls of amnesia
 w - a scroll of fog
Potions
 a - a potion of might
 b - 7 potions of curing
 e - 5 potions of magic
 f - 3 potions of invisibility
 l - 4 potions of resistance
 m - a potion of ambrosia {unknown}
 o - 2 potions of heal wounds
 p - a potion of attraction
 q - a potion of lignification
 r - a potion of brilliance


   Skills:
 + Level 15.9 Fighting
 + Level 20.2 Dodging
 + Level 21.4 Stealth
 + Level 16.1 Unarmed Combat
 + Level 14.7 Invocations


You had 10 spell levels left.
You didn't know any spells.
Your spell library was empty.

Dungeon Overview and Level Annotations

Branches:
Dungeon (1/1)

Altars:
Cheibriados
Dithmenos
Elyvilon
Fedhas
Gozag
Hepliaklqana
Kikubaaqudgha
Makhleb
Nemelex Xobeh
Okawaru
Qazlal
Ru
Sif Muna
Trog
Uskayaw
Vehumet
Wu Jian
Xom
Yredelemnul
Zin
The Shining One
Jiyva
Lugonu

Shops:
D ![!=


Innate Abilities, Weirdness & Mutations

You have sharp claws.
You have razor-sharp teeth.
You have supernaturally acute eyesight. (SInv)
You cover ground quickly. (Speed+)
Your thick and shaggy fur keeps you warm. (AC +3, rC+)
Your paws help you pounce on unaware monsters.
You are incapable of wielding weapons or throwing items.
You cannot wear armour.
You gain extra lives every three experience levels.


Message History

Unknown command.
You claw the swamp dragon!
You kill the swamp dragon!
The eleionoma flows through the trees.
Unknown command.
Unknown command.
A six-headed hydra comes into view.
The seven-headed hydra misses you.
The seven-headed hydra completely misses you. x6
You see here a swamp dragon corpse.
Unknown command.
The six-headed hydra roars!
You claw the seven-headed hydra!
The seven-headed hydra is lightly wounded.
Unknown command.
You claw the seven-headed hydra! You claw the seven-headed hydra!!
You bite the seven-headed hydra.
The seven-headed hydra is heavily wounded.
The seven-headed hydra barely misses you.
The seven-headed hydra completely misses you.
The seven-headed hydra misses you.
The seven-headed hydra completely misses you. x2
The seven-headed hydra bites you!
The seven-headed hydra barely misses you.
You claw the seven-headed hydra! You bite the seven-headed hydra.
The seven-headed hydra is almost dead.
The seven-headed hydra closely misses you.
The seven-headed hydra completely misses you.
The seven-headed hydra closely misses you.
The seven-headed hydra completely misses you.
The seven-headed hydra barely misses you.
The seven-headed hydra completely misses you. x2
You mangle the seven-headed hydra!!
You kill the seven-headed hydra!
The eleionoma hurls a spray of splinters at you.
The spray of wooden splinters misses you.
Unknown command.
The eleionoma hurls a spray of splinters at you.
The spray of wooden splinters hits you!!
You die...

▓.........'.....∩.∩.∩)∩...)
▓.▓▓▓▓▓▓▓▓▓▓▓▓▓▓▓▓▓▓▓▓▓▓▓▓▓
▓..........................
▓▓▓▓▓▓▓▓▓▓▓▓▓▓▓▓▓▓▓▓▓▓▓▓▓▓▓
+.†TiC....)).())'
▓▓▓▓▓▓▓▓▓▓▓▓▓▓▓▓▓
▓▓▓▓▓▓▓▓▓▓▓♣♣♣♣♣♣♣
.......@†)RD....R.
▓▓▓▓▓▓▓▓▓▓▓♣♣♣♣♣♣♣


You could see an eleionoma and a six-headed hydra.

Vanquished Creatures
  Gastronok (D)
  A very ugly thing (D)
  2 stone giants (D)
  An ettin (D)
  Harold (D)
  3 hydras (D)
  A tengu warrior (D)
  3 centaur warriors (D)
  5 orc high priests (D)
  4 spriggan druids (D)
  2 swamp dragons (D)
  A wizard (D)
  An orc sorcerer (D)
  An orc knight (D)
  2 ugly things (D)
  2 elephants (D)
  A black mamba (D)
  4 cane toads (D)
  Psyche (D)
  2 komodo dragons (D)
  2 rime drakes (D)
  A tyrant leech (D)
  A troll (D)
  A meliai (D)
  3 blink frogs (D)
  A shadow (D)
  A hog (shapeshifter) (D)
  A wyvern (D)
  A yak (D)
  A steam dragon (D)
  3 vampire mosquitoes (D)
  3 water moccasins (D)
  13 orc warriors (D)
  A boggart (D)
  2 centaurs (D)
  A kobold brigand (D)
  A necrophage (D)
  4 bullfrogs (D)
  A gnoll sergeant (D)
  A scorpion (D)
  12 orc priests (D)
  4 orc wizards (D)
  4 orcs (D)
  A giant cockroach (D)
  A quokka (D)
  A bat (D)
  A frilled lizard (D)
  A goblin (D)
  A kobold (D)
108 creatures vanquished.

Notes
Turn   | Place    | Note
-------+----------+-------------------------------------------
     0 | D        | Groucho the Felid Fighter began the quest for the Orb.
     0 | D        | Reached XP level 1. HP: 10/10 MP: 2/2
     7 | D        | Reached skill level 1 in Stealth
   312 | D        | Noticed a gnoll sergeant
   312 | D        | Noticed a scorpion
   312 | D        | Noticed a necrophage
   316 | D        | Reached skill level 2 in Stealth
   321 | D        | Killed a necrophage
   322 | D        | Reached skill level 5 in Stealth
   322 | D        | Reached skill level 5 in Unarmed Combat
   322 | D        | Reached XP level 2. HP: 15/15 MP: 3/3
   322 | D        | Reached XP level 3. HP: 19/19 MP: 4/4
   322 | D        | Reached XP level 4. HP: 22/22 MP: 5/5
   322 | D        | Killed a scorpion
   323 | D        | Reached skill level 5 in Fighting
   323 | D        | Reached skill level 6 in Stealth
   330 | D        | Killed a gnoll sergeant
   331 | D        | Reached skill level 7 in Stealth
   331 | D        | Reached XP level 5. HP: 28/28 MP: 6/6
   334 | D        | Found a snail-covered altar of Cheibriados.
   334 | D        | Found a shadowy altar of Dithmenos.
   334 | D        | Found a white marble altar of Elyvilon.
   334 | D        | Found a blossoming altar of Fedhas.
   334 | D        | Found an opulent altar of Gozag.
   335 | D        | Found a hazy altar of Hepliaklqana.
   336 | D        | Found a viscous altar of Jiyva.
   337 | D        | Found an ancient bone altar of Kikubaaqudgha.
   338 | D        | Found a corrupted altar of Lugonu.
   339 | D        | Found a burning altar of Makhleb.
   340 | D        | Found a sparkling altar of Nemelex Xobeh.
   341 | D        | Found an iron altar of Okawaru.
   342 | D        | Found a stormy altar of Qazlal.
   343 | D        | Found a sacrificial altar of Ru.
   344 | D        | Found a shimmering blue altar of Sif Muna.
   345 | D        | Found a bloodstained altar of Trog.
   346 | D        | Found a hide-covered altar of Uskayaw.
   347 | D        | Found a radiant altar of Vehumet.
   348 | D        | Found an ornate altar of the Wu Jian Council.
   349 | D        | Found a shimmering altar of Xom.
   350 | D        | Found a basalt altar of Yredelemnul.
   351 | D        | Found a glowing silver altar of Zin.
   352 | D        | Found a glowing golden altar of the Shining One.
   354 | D        | Became a worshipper of Uskayaw the Reveller
   381 | D        | Noticed a wyvern
   381 | D        | Noticed a troll
   381 | D        | Noticed a centaur
   381 | D        | Noticed an orc warrior
   381 | D        | Noticed a steam dragon
   383 | D        | Killed a steam dragon
   383 | D        | Reached * piety under Uskayaw
   384 | D        | Reached skill level 9 in Stealth
   384 | D        | Gained mutation: You are covered in thick fur. (AC +2)
                  | [Felid growth]
   384 | D        | Reached XP level 6. HP: 33/33 MP: 6/9
   385 | D        | Reached ** piety under Uskayaw
   387 | D        | Killed an orc warrior
   387 | D        | Reached *** piety under Uskayaw
   388 | D        | Reached skill level 10 in Dodging
   388 | D        | Reached skill level 10 in Stealth
   390 | D        | Reached XP level 7. HP: 36/36 MP: 6/11
   391 | D        | Killed a troll
   391 | D        | Reached **** piety under Uskayaw
   392 | D        | Reached skill level 11 in Stealth
   392 | D        | Reached skill level 5 in Invocations
   393 | D        | Killed a wyvern
   393 | D        | Reached ***** piety under Uskayaw
   395 | D        | Noticed a centaur warrior
   395 | D        | Noticed a brown ugly thing
   395 | D        | Noticed a brown ugly thing
   395 | D        | Noticed a shadow
   395 | D        | Noticed a meliai
   399 | D        | Killed a meliai
   400 | D        | Reached skill level 12 in Stealth
   400 | D        | Reached XP level 8. HP: 42/42 MP: 7/13
   401 | D        | Reached ****** piety under Uskayaw
   403 | D        | Killed a brown ugly thing
   404 | D        | Reached skill level 10 in Unarmed Combat
   405 | D        | Killed a brown ugly thing
   406 | D        | Reached skill level 10 in Fighting
   406 | D        | Reached skill level 13 in Stealth
   406 | D        | Reached XP level 9. HP: 46/46 MP: 7/15
   407 | D        | Killed a centaur warrior
   408 | D        | Reached skill level 14 in Stealth
   577 | D        | Noticed a komodo dragon
   577 | D        | Noticed an elephant
   577 | D        | Noticed a cane toad
   577 | D        | Noticed a four-headed hydra
   579 | D        | Noticed a black mamba
   588 | D        | Killed a four-headed hydra
   590 | D        | Killed a cane toad
   595 | D        | Reached skill level 15 in Stealth
   596 | D        | Reached XP level 10. HP: 28/52 MP: 12/18
   600 | D        | Killed a black mamba
   604 | D        | Killed an elephant
   605 | D        | Reached skill level 15 in Dodging
   610 | D        | Reached skill level 10 in Invocations
  1200 | D        | Noticed a cane toad
  1200 | D        | Noticed an elephant
  1205 | D        | Noticed a cane toad
  1208 | D        | Reached skill level 16 in Stealth
  1212 | D        | Killed a cane toad
  1215 | D        | Killed a cane toad
  1218 | D        | Killed an elephant
  1583 | D        | Noticed a cane toad
  1590 | D        | Reached skill level 17 in Stealth
  1598 | D        | Reached XP level 11. HP: 58/58 MP: 15/20
  1650 | D        | Noticed Gastronok
  1655 | D        | Noticed Psyche
  1664 | D        | Killed Gastronok
  1673 | D        | Killed Psyche
  2137 | D        | Noticed Harold
  2144 | D        | Killed Harold
  2145 | D        | Reached skill level 18 in Stealth
  2182 | D        | Noticed an orc sorcerer
  2189 | D        | Killed an orc sorcerer
  2268 | D        | Noticed an orc knight
  2320 | D        | Killed an orc knight
  2853 | D        | Found Weodourr's Jewellery Boutique.
  2853 | D        | Noticed an orc high priest
  2853 | D        | Noticed an orc high priest
  2853 | D        | Noticed an orc high priest
  2856 | D        | Noticed an orc high priest
  2861 | D        | Killed an orc high priest
  2862 | D        | Found Himonid's Distillery.
  2867 | D        | Found Osuat's Armour Boutique.
  2867 | D        | Found Hudyke's Distillery.
  2869 | D        | Killed an orc high priest
  2870 | D        | Reached skill level 19 in Stealth
  2874 | D        | Killed an orc high priest
  2875 | D        | Killed an orc high priest
  3521 | D        | Noticed an orc high priest
  3534 | D        | Killed an orc high priest
  3665 | D        | Bought 2 potions of invisibility for 160 gold pieces
  3669 | D        | Bought a potion of invisibility for 104 gold pieces
  3669 | D        | Bought a potion of heal wounds for 65 gold pieces
  3669 | D        | Bought a potion of heal wounds for 65 gold pieces
  3669 | D        | Bought a potion of heal wounds for 65 gold pieces
  3669 | D        | Bought a potion of resistance for 130 gold pieces
  3675 | D        | Bought a potion of resistance for 100 gold pieces
  3675 | D        | Bought a potion of heal wounds for 50 gold pieces
  3675 | D        | Bought a potion of curing for 30 gold pieces
  3675 | D        | Bought a potion of attraction for 30 gold pieces
  3675 | D        | Bought a potion of lignification for 30 gold pieces
  3675 | D        | Bought a potion of brilliance for 40 gold pieces
  3677 | D        | Bought the ring of Puedwemu {rN+ Str+4} for 389 gold pieces
  3677 | D        | Bought an amulet of the acrobat for 330 gold pieces
  4090 | D        | Noticed a tengu warrior
  4090 | D        | Noticed a centaur warrior
  4090 | D        | Noticed a four-headed hydra
  4090 | D        | Noticed a centaur warrior
  4098 | D        | Killed a centaur warrior
  4099 | D        | Gained mutation: Your thick and shaggy fur keeps you warm.
                  | (AC +3, rC+) [Felid growth]
  4099 | D        | Reached XP level 12. HP: 53/64 MP: 22/22
  4099 | D        | Noticed a stone giant
  4100 | D        | Killed a four-headed hydra
  4102 | D        | Noticed a stone giant
  4104 | D        | Noticed a brown very ugly thing
  4105 | D        | Killed a centaur warrior
  4106 | D        | Reached skill level 15 in Unarmed Combat
  4108 | D        | Killed a tengu warrior
  4109 | D        | Reached skill level 20 in Stealth
  4120 | D        | Noticed an ettin
  4123 | D        | Noticed a spriggan air mage
  4123 | D        | Noticed a stone giant
  4127 | D        | Killed an ettin
  4128 | D        | Reached skill level 15 in Fighting
  4135 | D        | Killed a stone giant
  4135 | D        | Hit by a large rock thrown by a stone giant
  4136 | D        | Reached XP level 11. HP: -11/61 MP: 16/22
  4566 | D        | Killed a stone giant
  4605 | D        | Killed a brown very ugly thing
  4871 | D        | Noticed a deep troll earth mage
  4881 | D        | Killed from afar by a deep troll earth mage
  4882 | D        | Reached XP level 10. HP: -3/58 MP: 18/21
  4883 | D        | Noticed a swamp dragon
  4883 | D        | Noticed a spriggan druid
  4883 | D        | Noticed a spriggan druid
  4883 | D        | Noticed a spriggan druid
  4883 | D        | Noticed a spriggan druid
  4883 | D        | Noticed a swamp dragon
  4884 | D        | Noticed a seven-headed hydra
  4890 | D        | Killed a swamp dragon
  4892 | D        | Killed a spriggan druid
  4898 | D        | Killed a spriggan druid
  4898 | D        | Killed a spriggan druid
  4898 | D        | Noticed an eleionoma
  4899 | D        | Reached skill level 21 in Stealth
  4899 | D        | Reached XP level 11. HP: 60/62 MP: 22/22
  4903 | D        | Killed a spriggan druid
  4913 | D        | Killed a swamp dragon
  4914 | D        | Noticed a six-headed hydra
  4918 | D        | Killed a seven-headed hydra
  4919 | D        | Killed from afar by an eleionoma

Illustrated notes

Levels and vault maps discovered:
D:        linesprint [early_d, line_temple, items_1, d_10, items_2, lair_1,
          lair_end, items_3, orc_1, orc_end, items_4, d_15, swamp_1, shoals_1,
          snake_1, spider_1, d_20, vaults_1, items_5, swamp_end, shoals_end,
          snake_end, spider_end, vaults_end, d_27, items_6, zot_1, zot_end,
          crypt_end, forest_end, elf_end, slime_end, tomb_end, abyss_end,
          pan_hell_end]

Skill      XL: |  1  2  3  4  5  6  7  8  9 10 11 12 |
---------------+-------------------------------------+-----
Stealth        | 5 7 9 10 12 13 15 21 19 20 | 21.4
Fighting       | 4 6 7 9 10 11 12 14 15 | 15.9
Dodging        | 6 8 9 10 11 13 14 20 18 19 | 20.2
Unarmed Combat | 5 6 7 8 9 10 11 13 16 15 | 16.1
Invocations    | 2 4 6 7 9 11 14 | 14.7

Action                   |  1- 3 |  4- 6 |  7- 9 | 10-12 || total
-------------------------+-------+-------+-------+-------++-------
Melee: Unarmed           |    17 |    11 |    20 |   202 ||   250
       Bite              |     1 |     2 |       |    21 ||    24
       Punch             |       |       |       |    15 ||    15
Invok: Line Pass         |       |       |     1 |    16 ||    17
  Use: Potion            |     2 |     2 |     2 |     9 ||    15
 Stab: Sleeping          |       |     4 |     8 |     9 ||    21
       Paralysed         |       |       |     2 |    13 ||    15
       Confused          |       |       |       |    15 ||    15
       Distracted        |       |       |       |     1 ||     1
Armor: Skin              |     2 |       |     1 |     5 ||     8
Dodge: Dodged            |     9 |     4 |    16 |   171 ||   200
